AoeStats
← 唐尚书右丞王维

Hill Fort

506841568Analyzed
4v4 RM · 16d ago on Sep 15, 2026· 48m 37s· 8 players
Game mode
Random Map
Map size
Large (8 player)
Population
200
Speed
Normal
Resources
Standard
Victory
Conquest
Starting age
Dark Age
Ending age
Imperial Age
RankedLock teamsTeams togetherTeam positionsShared explorationLock speedFull tech treeHidden civsTurbo modeCheats
Victory
Defeat
🇨🇳 Mongols · China
1265
+13
1149
+17
🇨🇳 Khmer · China
1142
+18
🇨🇳 Cumans · China
1108
+19
🇹🇼 Khmer · Taiwan
1228
-19
🇲🇾 Koreans · Malaysia
1225
-18
🇬🇧 Mongols · United Kingdom
1161
-16
🇫🇷 Chinese · France
1120
-14
唐尚书右丞王维
0:31 Loom
11:18 Feudal Age
17:01 Castle Age
15:00 Double-Bit Axe
15:32 Horse Collar
18:55 Scale Mail Armor
19:07 Forging
27:58 Wheelbarrow
35:04 Imperial Age
32:43 Fletching
33:53 Bodkin Arrow
34:51 Thumb Ring
35:05 Padded Archer Armor
39:13 Ballistics
41:05 Bracer
43:20 Leather Archer Armor
49:06 Conscription
48:52 Husbandry
kiyohime
0:49 Loom
9:58 Feudal Age
11:15 Wheelbarrow
10:32 Double-Bit Axe
11:23 Horse Collar
18:27 Gold Mining
22:43 Castle Age
21:50 Stone Mining
24:16 Bow Saw
24:18 Heavy Plow
25:02 Gold Shaft Mining
24:47 Hand Cart
30:40 Imperial Age
28:28 Bloodlines
27:39 Light Cavalry
29:41 Scale Barding Armor
29:47 Forging
32:36 Steppe Husbandry
32:57 Conscription
33:19 Chain Barding Armor
33:54 Iron Casting
34:28 Elite Steppe Lancer
35:48 Plate Barding Armor
36:15 Blast Furnace
36:33 Two-Man Saw
36:23 Crop Rotation
35:32 Hussar
38:44 Cuman Mercenaries
39:03 Guilds
41:12 Coinage
48:09 Cavalier
Rod1990
0:53 Loom
10:39 Feudal Age
11:18 Double-Bit Axe
12:16 Horse Collar
15:46 Castle Age
14:47 Wheelbarrow
17:26 Bow Saw
18:05 Stone Mining
19:53 Heavy Plow
25:04 Stone Shaft Mining
25:03 Gold Mining
28:00 Gold Shaft Mining
30:34 Imperial Age
29:24 Hand Cart
32:16 Conscription
31:57 Double Crossbow
32:52 Town Watch
33:57 Elite Ballista Elephant
34:35 Light Cavalry
35:25 Bloodlines
35:16 Husbandry
35:53 Hussar
38:07 Scale Barding Armor
38:13 Forging
39:47 Ballistics
40:27 Chemistry
39:51 Chain Barding Armor
41:16 Masonry
47:26 Plate Barding Armor
47:27 Iron Casting
47:06 Siege Engineers
小传奇
5:11 Loom
11:10 Feudal Age
15:09 Castle Age
13:26 Double-Bit Axe
13:40 Horse Collar
15:14 Town Watch
16:21 Bow Saw
16:03 Fletching
16:21 Gold Mining
28:11 Bodkin Arrow
28:17 Padded Archer Armor
29:59 Stone Mining
30:45 Gold Shaft Mining
31:40 Leather Archer Armor
31:44 Heavy Plow
32:21 Wheelbarrow
35:10 Imperial Age
34:35 Bloodlines
34:25 Husbandry
35:36 Ballistics
36:09 Bracer
37:12 Chemistry
36:19 Thumb Ring
35:49 Capped Ram
37:43 Conscription
38:30 Siege Ram
39:50 Drill
40:36 Elite Mangudai
45:28 Parthian Tactics
47:24 Murder Holes
47:39 Masonry
尼鐵
2:46 Loom
10:11 Feudal Age
15:50 Castle Age
14:24 Double-Bit Axe
14:31 Gold Mining
17:11 Bloodlines
19:48 Forging
25:14 Iron Casting
28:17 Wheelbarrow
31:58 Imperial Age
30:17 Hand Cart
33:01 Town Watch
33:29 Bow Saw
33:58 Gold Shaft Mining
33:19 Stone Mining
35:36 Devotion
35:12 Pikeman
38:05 Halberdier
40:18 Double Crossbow
41:34 Chemistry
47:12 Scale Mail Armor
Gosu
9:17 Feudal Age
9:43 Double-Bit Axe
10:22 Horse Collar
10:40 Gold Mining
13:52 Fishing Lines
21:13 Castle Age
21:56 Scale Mail Armor
22:47 Bow Saw
22:39 Heavy Plow
22:45 Gillnets
23:22 Squires
22:43 Pikeman
24:40 Wheelbarrow
24:07 Stone Mining
24:35 Forging
24:40 Chain Mail Armor
27:29 Gold Shaft Mining
27:31 Stone Shaft Mining
28:37 Man-at-Arms
30:02 Long Swordsman
32:26 Hand Cart
31:58 Loom
31:59 Town Watch
32:57 Iron Casting
32:12 Fletching
33:10 Town Patrol
37:48 Imperial Age
36:12 Elite Skirmisher
36:58 Thumb Ring
37:20 Ballistics
37:35 Great Wall
38:08 Heavy Rocket Cart
38:56 Bodkin Arrow
39:01 Padded Archer Armor
39:32 Plate Mail Armor
40:02 Blast Furnace
40:10 Chemistry
41:10 Bracer
41:25 Leather Archer Armor
41:06 Two-Handed Swordsman
46:19 Conscription
45:58 Halberdier
46:22 Capped Ram
Melting Snowball
11:27 Feudal Age
15:13 Castle Age
13:27 Double-Bit Axe
14:39 Loom
16:47 Wheelbarrow
17:02 Bow Saw
16:36 Horse Collar
22:17 Hand Cart
23:34 Gold Mining
23:36 Stone Mining
29:37 Imperial Age
27:13 Padded Archer Armor
27:03 Fletching
28:27 Gold Shaft Mining
28:35 Heavy Plow
29:03 Leather Archer Armor
28:44 Bodkin Arrow
32:23 Ballistics
33:03 Chemistry
32:05 Bracer
34:07 Nomads
34:07 Elite Mangudai
40:07 Onager
41:05 Bloodlines
40:56 Husbandry
40:18 Light Cavalry
41:15 Scale Barding Armor
41:21 Forging
41:51 Hussar
43:51 Caravan
45:17 Chain Barding Armor
45:33 Iron Casting
Tintagel
11:28 Feudal Age
9:46 Loom
11:58 Double-Bit Axe
14:43 Horse Collar
19:26 Castle Age
19:12 Wheelbarrow
19:31 Gold Mining
19:31 Stone Mining
20:17 Fletching
21:03 Bow Saw
20:54 Heavy Plow
27:15 Imperial Age
27:51 Scale Mail Armor
29:15 Capped Ram
33:01 Elite Fire Lancer
33:58 Chain Mail Armor
34:27 Squires
35:31 Arson
39:25 Pikeman
41:14 Halberdier
45:17 Two-Man Saw
46:20 Conscription
Connection lost

Rejoining the realm…

Still unreachable

The connection could not be restored.

Session expired

The server has moved on; the page needs a fresh start.